 Dungeon Crawl Stone Soup version 0.19.0-24-gb05acd6 (console) character file.

98046 Kloppie the Severer (level 15, -2/119 HPs)
             Began as a Demonspawn Berserker on Nov 18, 2016.
             Was a High Priest of Trog.
             Slain by a hill giant
             ... wielding a +0 giant club
              (21 damage)
             ... on level 2 of the Orcish Mines on Nov 21, 2016.
             The game lasted 00:43:39 (27063 turns).

Kloppie the Severer (Demonspawn Berserker)         Turns: 27063, Time: 00:43:40

Health: -2/119     AC: 19    Str: 17    XL:     15   Next: 73%
Magic:  0/15       EV: 17    Int: 13    God:    Trog [*****.]
Gold:   2723       SH:  4    Dex: 17    Spells: 0 memorised, 14 levels left

rFire  + . .     SeeInvis +     a - +3 battleaxe (elec)
rCold  + . .     Gourm    .     W - +1 scale mail {rC+}
rNeg   . . .     Faith    .     (shield currently unavailable)
rPois  .         Spirit   +     (helmet unavailable)
rElec  .         Reflect  +     k - +2 cloak
rCorr  .         Harm     .     (no gloves)
MR     +++..                    e - +2 pair of boots
Stlth  ..........               x - +4 amulet of reflection
                                i - +2 ring of protection
                                N - +3 ring of slaying

@: regenerating
A: antennae 3, claws 2, hooves 2, clever 1, fire resistance 1, magic shield
a: Berserk, Trog's Hand, Brothers in Arms, Burn Spellbooks, Renounce Religion


You were on level 2 of the Orcish Mines.
You worshipped Trog.
Trog was extremely pleased with you.
You were hungry.

You visited 3 branches of the dungeon, and saw 22 of its levels.
You also visited: Sewer and Ice Cave.

You collected 2780 gold pieces.
You spent 57 gold pieces at shops.

Inventory:

Hand Weapons
 a - a +3 battleaxe of electrocution (weapon)
 b - a +2 flail
 j - a +1 antimagic battleaxe
 y - a +4 battleaxe of freezing
 z - a +2 antimagic broad axe
 H - a +3 broad axe
Armour
 e - a +2 pair of boots (worn)
 k - a +2 cloak (worn)
 U - the +0 scale mail "Viahasch" {rN+++ Int-5 Dex+7}
   (You found it on level 11 of the Dungeon)

   It affects your intelligence (-5).
   It affects your dexterity (+7).
   It renders you almost immune to negative energy.
 W - a +1 scale mail of cold resistance (worn)
Jewellery
 i - a +2 ring of protection (right claw)
 s - an uncursed ring of ice
 x - a +4 amulet of reflection (around neck)
 C - an uncursed ring of flight
 K - an uncursed ring of fire
 N - a +3 ring of slaying (left claw)
Wands
 u - a wand of teleportation (4/9)
 B - a wand of iceblast (5/15)
 M - a wand of digging (17/24)
Scrolls
 d - 7 scrolls of magic mapping
 f - 9 scrolls of teleportation
 m - 2 scrolls of blinking
 r - 6 scrolls of fog
 w - 3 scrolls of enchant armour
 J - 2 scrolls of enchant weapon
 P - 7 scrolls of remove curse
Potions
 h - 3 potions of might
 l - 13 potions of curing
 n - a potion of brilliance
 p - a potion of resistance
 q - a potion of cure mutation
 v - 5 potions of agility
 A - 7 potions of flight
 F - a potion of berserk rage
 I - 2 potions of haste
 Q - a potion of invisibility {unknown}
 S - a potion of beneficial mutation {unknown}
 T - 2 potions of magic {unknown}
Comestibles
 c - 10 bread rations
 o - 2 slices of pizza
 t - 9 fruits
 D - 3 beef jerkies
 E - 3 meat rations


   Skills:
 - Level 11.2 Fighting
 + Level 18.1 Axes
 - Level 11.3 Armour
 + Level 10.9 Dodging


You had 14 spell levels left.
You didn't know any spells.

Dungeon Overview and Level Annotations

Branches:
Dungeon (14/15)            Temple (0/1) D:5            Lair (6/6) D:10
  Swamp (0/4) Lair:2        Snake (0/4) Lair:2        Slime (0/5) Lair:6
    Orc (2/2) D:12            Elf (0/3) Orc:2        Vaults (0/5) D:14

Altars:
Fedhas
Makhleb
Xom
Jiyva

Shops:
D:6 %   D:9 %   D:10 ?   D:12 :}   D:13 *   D:14 *   Orc:2 =}

Annotations:
D:7 2 runed doors
D:14 exclusion: orange crystal statue


Innate Abilities, Weirdness & Mutations

You have a pair of large antennae on your head. (SInv)
You have very sharp fingernails.
You have hoof-like feet.
Your flesh is heat resistant. (rF+)
When hurt, damage is shared between your health and your magic reserves.
Your mind is acute. (Int +2)


Message History

The ogre barely misses you.
The hill giant hits you with a giant club.
* * * LOW HITPOINT WARNING * * *
The ogre mage hits you but does no damage.
The ogre mage hits you but does no damage. x2
The hill giant hits you with a giant club!
* * * LOW HITPOINT WARNING * * *
The ogre hits you with a giant spiked club!
* * * LOW HITPOINT WARNING * * *
You can move again.
Your skin crawls.
You feel resistant to hostile enchantments.
You are feeling hungry.
The ogre mage hits you but does no damage.
The ogre mage hits you from afar with a spear.
* * * LOW HITPOINT WARNING * * *
The ogre mage hits you with a club.
* * * LOW HITPOINT WARNING * * *
The hill giant hits you with a giant club!!
You die...

......................)....###
{
......................[[.....#
>.....................)))....#
{
#....................).#)###.#{
.......................[## ##
................)....#.##
................O......## ....
............[......## ....
..........@O[......# ....
.........CO[.....#.. ....
...............#... ....
........#O.........# .....
....$............. .....
...............$. .....
......C.........# .....
...$...............O
.........$.....$...∩......


You could see a hill giant, 2 ogre magi, a cyclops, a two-headed ogre and an
ogre.

Vanquished Creatures
  A frost giant (IceCv)
  A dire elephant (Lair:6)
  Snorg (Lair:6)
  Harold (D:10)
  7 hydras
  Erica (D:9)
  2 catoblepae
  3 centaur warriors
  A deep troll shaman (Lair:6)
  The ghost of Zaque the Grappler, a novice TrFi of Uskayaw (Orc:1)
  2 ogre magi
  15 death yaks
  Urug (D:12)
  Sonja (Lair:4)
  A skeletal warrior (D:14)
  A deep troll (Orc:2)
  4 unseen horrors
  10 hill giants
  Pikel (D:8)
  3 orc knights
  2 deep elf magi (Orc:1)
  An orc sorcerer (Orc:2)
  3 manticores
  A cyclops (D:9)
  5 elephants
  A torpor snail (Lair:6)
  2 centaur zombies
  Psyche (D:8)
  A gargoyle (D:12)
  11 black mambas
  A kobold demonologist (D:14)
  11 spiny frogs
  15 komodo dragons
  2 rime drakes (D:12)
  14 trolls
  18 polar bears
  2 hornets
  4 two-headed ogres
  5 slime creatures
  28 blink frogs
  7 hippogriffs
  2 shadows
  4 water elementals (D:14)
  Sigmund (D:2)
  A spriggan (D:7)
  2 wraiths
  48 yaks
  2 basilisks
  4 wyverns
  The ghost of dracos369 the Spear-Bearer, an amateur MfCK of Xom (D:3)
  3 hungry ghosts
  2 mottled dragons
  3 wargs
  23 water moccasins
  7 porcupines
  13 orc warriors
  4 black bears
  6 ice beasts
  A phantom (D:7)
  A swamp drake (Orc:1)
  5 sky beasts
  A necrophage (D:10)
  39 ogres
  An eye of draining (D:14)
  23 wolves
  12 centaurs
  11 crocodiles
  4 big kobolds
  12 bullfrogs
  A wyvern skeleton (D:14)
  7 scorpions
  8 killer bees
  10 wights
  5 electric eels
  2 jellies
  2 howler monkeys (D:4)
  3 quasits
  7 crimson imps
  4 bullfrog zombies
  9 hounds
  4 bullfrog skeletons
  14 orc priests
  6 centaur skeletons
  An iron imp (Orc:1)
  23 orc wizards
  5 iguanas
  Ijyb (D:2)
  8 worker ants
  A hound skeleton (D:4)
  3 worker ant zombies
  6 gnolls
  21 adders
  2 river rats (D:10)
  6 shadow imps
  A white imp (Orc:1)
  3 oozes
  2 adder skeletons (D:7)
  A worm (D:2)
  A dart slug (D:1)
  8 leopard geckos
  72 orcs
  10 giant cockroaches
  2 goblins
  6 hobgoblins
  19 jackals
  4 quokkas
  2 ball pythons
  26 bats
  6 frilled lizards
  31 kobolds
  15 rats
  4 fungi
  7 plants
808 creatures vanquished.

Vanquished Creatures (collateral kills)
  2 death yaks (Lair:2)
  A plant (Lair:2)
3 creatures vanquished.

Vanquished Creatures (others)
  A cyclops (D:12)
  A slave (D:8)
  A centaur (D:14)
  A wight (D:8)
  A shadow imp (D:14)
  25 fungi
  10 plants
40 creatures vanquished.

Grand Total: 851 creatures vanquished

Notes
Turn   | Place    | Note
-------+----------+-------------------------------------------
     0 | D:1      | Kloppie the Demonspawn Berserker began the quest for the Orb.
     0 | D:1      | Reached XP level 1. HP: 18/18 MP: 1/1
   281 | D:1      | Reached skill level 3 in Axes
   281 | D:1      | Gained mutation: You have a pair of small antennae on your head. [demonic ancestry]
   281 | D:1      | Reached XP level 2. HP: 19/24 MP: 2/2
   818 | D:2      | Noticed Ijyb
   821 | D:2      | Paralysed by Ijyb for 5 turns
   827 | D:2      | Paralysed by Ijyb for 7 turns
   840 | D:2      | Paralysed by Ijyb for 5 turns
   853 | D:2      | Paralysed by Ijyb for 2 turns
   871 | D:2      | Killed Ijyb
   871 | D:2      | Gained mutation: You have a pair of antennae on your head. [demonic ancestry]
   871 | D:2      | Reached XP level 3. HP: 8/30 MP: 3/3
  1103 | D:2      | Noticed Sigmund
  1117 | D:2      | Killed Sigmund
  1117 | D:2      | Reached skill level 4 in Axes
  1117 | D:2      | Gained mutation: Your flesh is heat resistant. (rF+) [demonic ancestry]
  1117 | D:2      | Reached XP level 4. HP: 29/38 MP: 4/4
  1117 | D:2      | Reached XP level 5. HP: 33/43 MP: 5/5
  1249 | D:2      | Found a blossoming altar of Fedhas.
  1303 | D:2      | Reached skill level 5 in Fighting
  1482 | D:2      | Reached ** piety under Trog
  1893 | D:3      | Gained mutation: You have sharp fingernails. [demonic ancestry]
  1893 | D:3      | Reached XP level 6. HP: 51/51 MP: 6/6
  1980 | D:3      | You fall through a shaft for 3 floors!
  2036 | D:5      | Entered Level 5 of the Dungeon
  2083 | D:5      | Reached skill level 5 in Axes
  2174 | D:5      | Found a glowing drain.
  2177 | D:5      | Gained mutation: When hurt, damage is shared between your health and your magic reserves. [demonic ancestry]
  2177 | D:5      | Reached XP level 7. HP: 41/58 MP: 7/7
  2189 | Sewer    | Entered a sewer
  2479 | Sewer    | Reached *** piety under Trog
  2985 | D:4      | Reached skill level 6 in Axes
  3126 | D:3      | Noticed dracos369's ghost (amateur MfCK)
  3146 | D:3      | Killed dracos369's ghost
  4121 | D:4      | Reached XP level 8. HP: 58/67 MP: 8/8
  4649 | D:5      | Reached skill level 7 in Axes
  4677 | D:5      | Reached **** piety under Trog
  4868 | D:5      | Found a staircase to the Ecumenical Temple.
  5122 | D:6      | Found a shimmering altar of Xom.
  5131 | D:6      | Found a shimmering altar of Xom.
  5131 | D:6      | Found a shimmering altar of Xom.
  5131 | D:6      | Found a shimmering altar of Xom.
  5147 | D:6      | Found a shimmering altar of Xom.
  5443 | D:6      | Found Tavuuwk's Food Shoppe.
  5731 | D:7      | Reached skill level 8 in Axes
  5731 | D:7      | Reached XP level 9. HP: 63/74 MP: 7/9
  5853 | D:7      | Found a large runed door.
  5853 | D:7      | Found a large runed door.
  5920 | D:7      | Found a large runed door.
  5920 | D:7      | Found a large runed door.
  6414 | D:7      | Reached skill level 5 in Armour
  6464 | D:7      | Killed an unseen horror
  6464 | D:7      | Reached skill level 9 in Axes
  6616 | D:8      | Reached ***** piety under Trog
  6814 | D:8      | Gained mutation: You have very sharp fingernails. [demonic ancestry]
  6814 | D:8      | Reached XP level 10. HP: 74/80 MP: 8/10
  6875 | D:8      | Noticed Psyche
  6891 | D:8      | Killed Psyche
  6891 | D:8      | Reached skill level 10 in Axes
  7273 | D:8      | Noticed Pikel
  7301 | D:8      | Killed Pikel
  8061 | D:9      | Found Oxzep's Food Boutique.
  8099 | D:9      | Noticed Erica
  8110 | D:9      | Killed Erica
  8171 | D:9      | Noticed a cyclops
  8183 | D:9      | Killed a cyclops
  8183 | D:9      | Reached skill level 11 in Axes
  8796 | D:10     | Entered Level 10 of the Dungeon
  8845 | D:10     | Noticed Harold
  8845 | D:10     | Reached skill level 10 in Fighting
  8860 | D:10     | Killed Harold
  8860 | D:10     | Reached XP level 11. HP: 91/91 MP: 8/11
  9044 | D:10     | Found Kewkam's Magic Scroll Emporium.
  9106 | D:10     | Bought a scroll of identify for 30 gold pieces
  9287 | D:10     | Noticed a hill giant
  9305 | D:10     | Killed a hill giant
  9428 | D:10     | Found a staircase to the Lair.
  9819 | Lair:1   | Entered Level 1 of the Lair of Beasts
  9857 | Lair:1   | Received a gift from Trog
 10994 | Lair:1   | Noticed a seven-headed hydra
 11003 | Lair:1   | Killed a seven-headed hydra
 11003 | Lair:1   | Reached skill level 12 in Axes
 11206 | Lair:2   | Found a staircase to the Swamp.
 11538 | Lair:2   | Found a staircase to the Snake Pit.
 11625 | Lair:2   | Noticed a death yak
 11638 | Lair:2   | Killed a death yak
 11638 | Lair:2   | Reached skill level 13 in Axes
 11639 | Lair:2   | Noticed a death yak
 11646 | Lair:2   | Noticed a death yak
 11648 | Lair:2   | Killed a death yak
 11650 | Lair:2   | Killed a death yak
 12255 | Lair:2   | Gained mutation: You have a pair of large antennae on your head. (SInv) [demonic ancestry]
 12255 | Lair:2   | Reached XP level 12. HP: 96/100 MP: 10/12
 12974 | Lair:3   | Reached skill level 14 in Axes
 13264 | Lair:3   | Received a gift from Trog
 13728 | Lair:4   | Noticed an eight-headed hydra
 13758 | Lair:4   | Killed an eight-headed hydra
 14367 | Lair:4   | Gained mutation: You have large cloven feet. [demonic ancestry]
 14367 | Lair:4   | Reached XP level 13. HP: 83/106 MP: 9/13
 14520 | Lair:4   | Noticed Sonja
 14532 | Lair:4   | Killed Sonja
 14532 | Lair:4   | Reached skill level 10 in Armour
 15633 | Lair:4   | Reached skill level 15 in Axes
 17032 | D:11     | Found a burning altar of Makhleb.
 17032 | D:11     | Noticed a cacodemon
 17482 | D:11     | Got an ancient scale mail
 17497 | D:11     | Identified the cursed +0 scale mail "Viahasch" {rN+++ Int-5 Dex+7} (You found it on level 11 of the Dungeon)
 17811 | D:12     | Found Veniejyit's Book Shop.
 17865 | D:12     | Found a staircase to the Orcish Mines.
 17897 | D:12     | Received a gift from Trog
 17960 | D:12     | Found Meh Fuik's Gadget Emporium.
 18109 | D:12     | Found a frozen archway.
 18124 | IceCv    | Entered an ice cave
 18829 | IceCv    | Gained mutation: You have hoof-like feet. [demonic ancestry]
 18829 | IceCv    | Reached XP level 14. HP: 110/113 MP: 14/14
 18949 | IceCv    | Reached skill level 16 in Axes
 18991 | IceCv    | Reached skill level 5 in Dodging
 19058 | IceCv    | Noticed a frost giant
 19091 | IceCv    | Killed a frost giant
 19097 | IceCv    | Received a gift from Trog
 19893 | D:12     | Noticed Urug
 19903 | D:12     | Killed Urug
 20423 | Orc:1    | Entered Level 1 of the Orcish Mines
 20429 | Orc:1    | Received a gift from Trog
 20433 | Orc:1    | Upgraded the game from 0.19.0-22-gd96e5fe to 0.19.0-24-gb05acd6
 21016 | Lair:6   | Entered Level 6 of the Lair of Beasts
 21982 | Lair:6   | Found a viscous altar of Jiyva.
 21982 | Lair:6   | Found a staircase to the Slime Pits.
 22030 | Lair:6   | Noticed Snorg
 22039 | Lair:6   | Killed Snorg
 22039 | Lair:6   | Reached skill level 17 in Axes
 22175 | Lair:6   | Received a gift from Trog
 22221 | Lair:6   | Reached ****** piety under Trog
 22291 | Lair:6   | Reached XP level 15. HP: 42/119 MP: 2/15
 23753 | D:13     | Found Gewydyoch's Assorted Antiques.
 23756 | D:13     | Bought a fizzy ruby potion for 27 gold pieces
 24551 | D:14     | Found a gate to the Vaults.
 24873 | D:14     | Reached skill level 10 in Dodging
 25256 | D:14     | Found Toosuser's General Store.
 25668 | D:14     | Received a gift from Trog
 25916 | Orc:2    | Entered Level 2 of the Orcish Mines
 26164 | Orc:2    | Found a staircase to the Elven Halls.
 26222 | Orc:2    | Found Haabb's Jewellery Emporium.
 26223 | Orc:2    | Found Puobok's Gadget Emporium.
 26314 | Orc:1    | Noticed Zaque's ghost (novice TrFi)
 26325 | Orc:1    | Killed Zaque's ghost
 26655 | Orc:2    | Gained mutation: Your mind is acute. (Int +2) [a neqoxec]
 26662 | Orc:2    | Reached skill level 18 in Axes
 27055 | Orc:2    | Paralysed by an ogre mage for 7 turns
 27063 | Orc:2    | Slain by a hill giant

Skill      XL: |  1  2  3  4  5  6  7  8  9 10 11 12 13 14 15 |
---------------+----------------------------------------------+-----
Axes           | 3 4 5 6 8 9 11 13 14 15 17 18 | 18.1
Fighting       | 4 5 6 7 8 10 11 | 11.2
Armour         | 3 6 7 9 11 | 11.3
Dodging        | 4 8 10 | 10.9

Action                   |  1- 3 |  4- 6 |  7- 9 | 10-12 | 13-15 || total
-------------------------+-------+-------+-------+-------+-------++-------
Melee: Hand axe          |   128 |   178 |   567 |   522 |       ||  1395
       Battleaxe         |       |       |       |   290 |  1124 ||  1414
       Flail             |       |       |       |    14 |    44 ||    58
Invok: Berserk           |     3 |     1 |     5 |    13 |    15 ||    37
       Trog's Hand       |       |       |     5 |     5 |     9 ||    19
       Brothers in Arms  |       |       |       |     1 |     1 ||     2
Evoke: Wand              |       |       |     1 |       |       ||     1
  Use: Scroll            |       |       |    13 |    10 |    11 ||    34
       Potion            |       |       |     3 |     6 |     4 ||    13
 Stab: Sleeping          |     2 |       |       |       |       ||     2
  Eat: Chunk             |     3 |     5 |    21 |    36 |    50 ||   115
       Meat ration       |       |       |     1 |       |       ||     1
       Fruit             |       |       |     1 |       |       ||     1
       Beef jerky        |       |       |     1 |       |       ||     1
       Royal jelly       |       |       |       |     1 |     2 ||     3
       Pizza             |       |       |       |     1 |       ||     1
       Bread ration      |       |       |       |       |     1 ||     1
Armor: Animal skin       |    51 |       |       |       |       ||    51
       Chain mail        |     8 |   134 |   332 |    60 |       ||   534
       Plate armour      |       |       |       |   407 |   163 ||   570
       Scale mail        |       |       |       |       |   386 ||   386
Dodge: Dodged            |    74 |    83 |   160 |   242 |   691 ||  1250
Block: Other             |       |       |    49 |   143 |   195 ||   387
       Reflection        |       |       |     2 |       |    13 ||    15
